 Dungeon Crawl Stone Soup version 0.29.1-12-g30fa7ad0bf (webtiles) character file.

Game seed: 6853984793102894843

63 wormed the Trooper (level 4, -1/40 HPs)
             Began as a Hill Orc Fighter on Dec 24, 2022.
             Succumbed to Sigmund's poison
             ... on level 2 of the Dungeon.
             The game lasted 00:02:46 (1548 turns).

wormed the Trooper (Hill Orc Fighter)               Turns: 1548, Time: 00:02:46

Health: -1/40      AC:  7    Str: 20    XL:     4   Next: 10%
Magic:  4/4        EV:  9    Int:  8    God:
Gold:   79         SH:  4    Dex: 10    Spells: 3/3 levels left

rFire   . . .      SeeInvis .   a - +0 war axe
rCold   . . .      Faith    .   c - +0 buckler
rNeg    . . .      Spirit   .   b - +0 scale mail
rPois   .          Reflect  .   (no helmet)
rElec   .          Harm     .   (no cloak)
rCorr   .          Rampage  .   (no gloves)
Will    .....                   (no boots)
Stlth   ..........              (no amulet)
HPRegen 0.13/turn               (no ring)
MPRegen 0.09/turn               (no ring)

@: lethally poisoned (-1 -> -7)
A: no striking features
a: no special abilities


You were on level 2 of the Dungeon.
You visited 1 branch of the dungeon, and saw 2 of its levels.

You collected 79 gold pieces.

Inventory:

Hand Weapons
 a - a +0 war axe (weapon)
 n - the +1 mace "Ilimuet" {antimagic, Str+3}
   (You found it on level 2 of the Dungeon)

   It reduces the magical energy of the wielder, and disrupts the spells and
   magical abilities of those it strikes.
   Natural abilities and divine invocations are not affected.
   Str:       It affects your strength (+3).
Armour
 b - a +0 scale mail (worn)
 c - a +0 buckler (worn)
Scrolls
 e - a scroll of silence {unknown}
 f - a scroll of blinking {unknown}
 g - a scroll of immolation {unknown}
 h - a scroll of torment {unknown}
 k - 3 scrolls of noise {unknown}
 l - a scroll of identify {unknown}
 m - a scroll of teleportation {unknown}
Potions
 d - 2 potions of might
 i - 2 potions of heal wounds {unknown}
 j - a potion of attraction {unknown}


   Skills:
 + Level 4.2 Fighting
 * Level 4.1 Axes
 + Level 3.7 Armour
 + Level 3.8 Shields


You had 3 spell levels left.
You didn't know any spells.
Your spell library contained the following spells:

 Spells                   Type           Power      Damage    Failure   Level
 Magic Dart               Conj           0%         1d3       85%         1
 Call Imp                 Summ           0%         N/A       94%         2
 Inner Flame              Hex/Fire       0%         N/A       99%         3
 Mephitic Cloud           Conj/Pois/Air  0%         N/A       99%         3
 Cause Fear               Hex            0%         N/A       100%        4
 Discord                  Hex            0%         N/A       100%        8


Dungeon Overview and Level Annotations

Branches:
Dungeon (2/15)

Altars:

Shops:
D:1 *

Annotations:
D:2 Natasha, Sigmund


Message History

Sigmund the Dreaded comes into view.
He is wielding a +0 scythe of venom.
Sigmund shouts!
Sigmund whispers, "You'll know eternity soon."
Sigmund gestures at you while chanting. The magic dart hits you.
Sigmund gestures at you while chanting. You resist with some effort.
Sigmund casts a spell at you.
You are confused.
Sigmund casts a spell at you. The puff of flame misses you.
You bump into the rock wall.
Sigmund hits you with a +0 scythe of venom!
You are poisoned.
You feel very sick.
You feel very sick.
Natasha hisses angrily.
You feel very sick.
Sigmund hits you from afar with a +0 scythe of venom!
You are lethally poisoned!
Natasha claws you.
* * * LOW HITPOINT WARNING * * *
You bump into the rock wall.
You feel less confused.
* * * LOW HITPOINT WARNING * * *
You feel very sick. Natasha barely misses you.
Sigmund laughs darkly.
Sigmund casts a spell at you. You resist with some effort.
* * * LOW HITPOINT WARNING * * *
You feel very sick.
Natasha mumbles some strange words.
* * * LOW HITPOINT WARNING * * *
You feel sick.
* * * LOW HITPOINT WARNING * * *
You feel sick.
Natasha stares at you and mumbles some strange words.
The magic dart hits you but does no damage.
You die...

.......'......#.##......#.....)..
.#######......#.##......#........
..............#.##...........####
..........#####....##.........#
......#.#######...............#
......................####....###
........†.............'..........
........####)#........##.....##..
........# #†#..@......+...(..#.#
........# #.#.....#####......#.#
........# #.#.#.......+......#.#
........# #.#.#.#######......#.#
........####.#h#5.............#.#
..............@...#####.......#.#
.............###..........#...#.#
.............# #...####.#.#####.#
........#...####...#..#.#.....#.#


You could see a white imp (summoned).

Vanquished Creatures
  Natasha (D:2)
  An adder (D:2)
  A worm (D:2)
  3 ball pythons
  3 endoplasms (D:1)
  2 giant cockroaches
  4 goblins
  2 hobgoblins
  3 jackals (D:1)
  2 frilled lizards
  2 rats
24 creatures vanquished.

Vanquished Creatures (others)
  A plant (D:2)
1 creature vanquished.

Grand Total: 25 creatures vanquished

Notes
Turn   | Place    | Note
-------+----------+-------------------------------------------
     0 | D:1      | wormed the Hill Orc Fighter began the quest for the Orb.
     0 | D:1      | Reached XP level 1. HP: 19/19 MP: 1/1
   295 | D:1      | Reached XP level 2. HP: 23/27 MP: 2/2
   460 | D:1      | Found Oliota Dimi's Assorted Antiques.
   524 | D:1      | Found a faded altar of an unknown god.
  1098 | D:2      | Reached XP level 3. HP: 33/33 MP: 3/3
  1146 | D:2      | Noticed Natasha
  1150 | D:2      | Killed Natasha
  1151 | D:2      | Reached XP level 4. HP: 21/40 MP: 4/4
  1152 | D:2      | Identified the +1 mace "Ilimuet" {antimagic, Str+3}
  1492 | D:2      | Noticed Natasha
  1516 | D:2      | Noticed Sigmund
  1547 | D:2      | HP: 1/40 [poisoned by Sigmund]
  1548 | D:2      | Succumbed to Sigmund's poison

Illustrated notes

Levels and vault maps discovered:
D:1:      erik_arrival_cave_to_civilisation [erik_arrival_cave_to_hall],
          layout_basic, serial_shops, shop_fountains,
          nicolae_ecumenical_lake_church
D:2:      layout_basic, serial_bayou_pond_c, patterned_corridor, uniq_sigmund,
          uniq_natasha

Skill      XL: |  1  2  3 |
---------------+----------+-----
Axes           | 3 4 |  4.1
Fighting       | 4 |  4.2
Armour         | |  3.7
Shields        | |  3.8

Action                   |  1- 3 |  4- 6 || total
-------------------------+-------+-------++-------
Melee: War axe           |    45 |    25 ||    70
Armor: Scale mail        |    17 |    15 ||    32
Dodge: Dodged            |    15 |    10 ||    25
Block: Buckler           |    12 |     4 ||    16
